 Dungeon Crawl Stone Soup version 0.30-a0-937-ga0a21ad780 (webtiles) character file.

Game seed: 518711696667453495

236 BlueFish the Sneak (level 6, -5/41 HPs)
             Began as an Octopode Warper on Mar 24, 2023.
             Was an Initiate of Cheibriados.
             Slain by an orc
             ... wielding a +0 hand axe
              (7 damage)
             ... on level 4 of the Dungeon.
             The game lasted 00:06:45 (2802 turns).

BlueFish the Sneak (Octopode Warper)                Turns: 2802, Time: 00:06:45

Health: -5/41      AC:  1    Str: 13    XL:     6   Next: 6%
Magic:  1/9        EV: 13    Int: 17    God:    Cheibriados [......]
Gold:   154        SH:  0    Dex: 12    Spells: 2/10 levels left

rFire   . . .      SeeInvis +    p - +1 short sword (venom)
rCold   . . .      Faith    .    (no shield)
rNeg    . . .      Spirit   .    (helmet restricted)
rPois   .          Reflect  .    (no amulet)
rElec   .          Rampage  .    g - ring of flight
rCorr   .                        j - ring of see invisible
Will    .....                    (no ring)
Stlth   +++                      (no ring)
HPRegen 0.26/turn                (no ring)
MPRegen 0.11/turn                (no ring)
                                 (no ring)
                                 (no ring)

@: flying, slow
A: almost no armour, amphibious, 8 rings, camouflage 1, gelatinous body 1,
(nimble swimmer 1), tentacles
a: Renounce Religion


You were on level 4 of the Dungeon.
You worshipped Cheibriados.
Cheibriados was noncommittal.
You visited 2 branches of the dungeon, and saw 5 of its levels.

You collected 165 gold pieces.
You spent 11 gold pieces at shops.

Inventory:

Hand Weapons
 p - a +1 short sword of venom (weapon)
Missiles
 b - 7 boomerangs of dispersal
 f - 36 stones (quivered)
 m - 13 poisoned darts
 t - 5 boomerangs
Jewellery
 g - a ring of flight (left tentacle)
 h - a ring of ice
 j - a ring of see invisible (right tentacle)
Wands
 x - a wand of mindburst (7)
Scrolls
 a - 2 scrolls of blinking
 d - 5 scrolls of identify {unknown}
 e - 2 scrolls of poison
 n - a scroll of fear {unknown}
 q - 2 scrolls of magic mapping {unknown}
 r - 6 scrolls of teleportation {unknown}
 w - a scroll of enchant weapon {unknown}
Potions
 c - a potion of flight {unknown}
 i - a potion of haste
 k - a potion of degeneration {unknown}
 l - 3 potions of might {unknown}
 o - 3 potions of heal wounds {unknown}
 s - a potion of cancellation {unknown}
 u - a potion of resistance {unknown}
 v - 2 potions of invisibility {unknown}
 z - a potion of lignification {unknown}


   Skills:
 + Level 2.6 Fighting
 + Level 2.0 Throwing
 + Level 3.1 Dodging
 * Level 3.9 Stealth
 + Level 2.7 Unarmed Combat
 + Level 2.6 Spellcasting
 + Level 3.4 Translocations
 * Level 0.7 Invocations
 * Level 1.2 Evocations


You had 2 spell levels left.
You knew the following spells:

 Your Spells              Type           Power      Damage    Failure   Level
a - Blink                 Tloc           26%        N/A       7%          2
b - Lesser Beckoning      Tloc           26%        N/A       7%          2
c - Teleport Other        Tloc           13%        N/A       14%         3
d - Apportation           Tloc           26%        N/A       4%          1

Your spell library contained the following spells:

 Spells                   Type           Power      Damage    Failure   Level
 Necrotise                Necr           8%         1d4       19%         1
 Summon Small Mammal      Summ           8%         N/A       19%         1
 Vhi's Electric Charge    Tloc/Air       16%        N/A       26%         3
 Manifold Assault         Tloc           13%        N/A       41%         4


Dungeon Overview and Level Annotations

Branches:
Dungeon (4/15)             Temple (1/1) D:4

Altars:
Cheibriados
Dithmenos
Elyvilon
Fedhas
Gozag
Kikubaaqudgha
Okawaru
Ru
Sif Muna
Uskayaw
Wu Jian
Yredelemnul
The Shining One

Shops:
D:2 ?*?

Annotations:
D:4 Pikel


Innate Abilities, Weirdness & Mutations

You cannot wear most types of armour.
You are amphibious.
You can wear up to eight rings at the same time.
Your skin changes colour to match your surroundings (Stealth+).
Your rubbery body absorbs attacks. (AC +1, EV +1)
((You are camouflaged when in or above water. (Stealth+)))
You have tentacles for arms and can constrict up to eight enemies at once.


Message History

Okay, then.
Casting: Blink (safe; 7% risk of failure)
Confirm with . or Enter, or press ? or * to list all spells.
Okay, then.
Casting: Blink (safe; 7% risk of failure)
Confirm with . or Enter, or press ? or * to list all spells.
Aiming: Teleport Other (dangerous; 14% risk of failure)
Press: ? - help, Shift-Dir - straight line, f/p - Pikel
Aim: Pikel, wielding a +2 whip of freezing and wearing a +0 robe (chance to affect: 51%) Pikel resists with significant effort.
The lemure shouts!
Pikel hits you with a +2 whip of freezing.
Pikel freezes you.
Casting: Teleport Other (dangerous; 14% risk of failure)
Confirm with . or Enter, or press ? or * to list all spells.
Aiming: Teleport Other (dangerous; 14% risk of failure)
Press: ? - help, Shift-Dir - straight line, f/p - Pikel
Aim: Pikel, wielding a +2 whip of freezing and wearing a +0 robe (chance to affect: 51%) Pikel resists with significant effort.
Pikel hits you with a +2 whip of freezing.
Pikel freezes you. The lemure barely misses you.
The lemure attacks as you move away! The lemure closely misses you.
The orc hits you with a +0 hand axe. The orc hits you with a +0 club.
You feel stable enough to blink again. The orc barely misses you.
The orc closely misses you.
Casting: Teleport Other (dangerous; 14% risk of failure)
Confirm with . or Enter, or press ? or * to list all spells.
You don't have enough magic to cast this spell.
Pikel attacks as you move away!
Pikel hits you with a +2 whip of freezing.
Pikel freezes you. The orc closely misses you.
The orc hits you with a +0 hand axe!
* * * LOW HITPOINT WARNING * * *
Pikel attacks as you move away!
Pikel hits you with a +2 whip of freezing!
* * * LOW HITPOINT WARNING * * *
Pikel freezes you.
* * * LOW HITPOINT WARNING * * *
The orc hits you with a +0 hand axe!
You die...

#.##.........[
#....##...##..
#.#..##...##..
#.##..........
####.######.#..#.
##.......###...##.
##.........####.#..
#.......)...# #....
#.@55o......###..#
#..oo............#
##.K.5.5...##...##
##...#.........###
######...........
#.........5.
#......#.###
########.### #.##.


You could see Pikel, 4 lemures and 3 orcs.

Vanquished Creatures
  A hound (D:3)
  2 orc wizards (D:4)
  5 adders
  4 gnolls
  2 dart slugs (D:4)
  6 orcs
  5 endoplasms
  7 goblins
  6 hobgoblins
  3 quokkas
  5 ball pythons
  4 bats
  3 frilled lizards (D:3)
  7 kobolds
  4 rats
64 creatures vanquished.

Notes
Turn   | Place    | Note
-------+----------+-------------------------------------------
     0 | D:1      | BlueFish the Octopode Warper began the quest for the Orb.
     0 | D:1      | Reached XP level 1. HP: 14/14 MP: 3/3
   423 | D:1      | Reached skill level 1 in Stealth
   423 | D:1      | Reached XP level 2. HP: 14/19 MP: 5/5
   426 | D:1      | Learned a level 2 spell: Blink
   429 | D:1      | Learned a level 2 spell: Lesser Beckoning
   826 | D:2      | Found Lumoistra's Magic Scroll Emporium.
   834 | D:2      | Bought a scroll of noise for 11 gold pieces
   917 | D:2      | Found an opulent altar of Gozag.
   948 | D:2      | Reached XP level 3. HP: 9/24 MP: 6/6
  1215 | D:2      | Found Fefis's Magic Scroll Shoppe.
  1336 | D:2      | Found Rabriomy's Assorted Antiques.
  1682 | D:2      | Reached XP level 4. HP: 30/30 MP: 7/7
  1734 | D:3      | Found a hide-covered altar of Uskayaw.
  1734 | D:3      | Found a basalt altar of Yredelemnul.
  2072 | D:3      | Reached XP level 5. HP: 29/35 MP: 8/8
  2339 | D:4      | Found a staircase to the Ecumenical Temple.
  2358 | D:4      | Learned a level 3 spell: Teleport Other
  2384 | D:4      | Learned a level 1 spell: Apportation
  2385 | Temple   | Entered the Ecumenical Temple
  2421 | Temple   | Became a worshipper of Cheibriados the Contemplative
  2565 | D:4      | Reached skill level 1 in Evocations
  2565 | D:4      | Reached XP level 6. HP: 18/41 MP: 9/9
  2782 | D:4      | Noticed Pikel
  2802 | D:4      | HP: 1/41 [Pikel/+2 whip of freezing (3)]
  2802 | D:4      | Slain by an orc

Illustrated notes

Levels and vault maps discovered:
D:1:      dpeg_arrival_concentric_ovals, layout_basic
D:2:      layout_loops_ring, serial_shops, nicolae_shop_advertising_works
          [nicolae_subvault_shop_adworks], shop, shop, basic_altar
D:3:      layout_rooms, chequers_temple_overflow_statue_of_worship
D:4:      layout_rooms, mainiacjoe_overflow_concentric_impassable,
          minmay_temple_entry_stoned_glass, uniq_pikel
Temple:   cyrus_temple_forest

Skill      XL: |  1  2  3  4  5 |
---------------+----------------+-----
Stealth        | 1 2 3 |  3.9
Dodging        | 3 |  3.1
Throwing       | 2 |  2.0
Evocations     | 1 |  1.2
Fighting       | |  2.6
Unarmed Combat | |  2.7
Spellcasting   | |  2.6
Translocations | |  3.4
Invocations    | |  0.7

Action                     |  1- 3 |  4- 6 || total
---------------------------+-------+-------++-------
  Melee: Unarmed           |    58 |       ||    58
         Tentacles         |    13 |    23 ||    36
         Constrict         |    16 |    17 ||    33
         Short sword       |     4 |    72 ||    76
         Punch             |       |     5 ||     5
  Throw: Dart              |     6 |       ||     6
         Stone             |     1 |     4 ||     5
   Cast: Lesser Beckoning  |       |     1 ||     1
         Teleport Other    |       |     2 ||     2
         Blink             |       |     1 ||     1
    Use: Scroll            |     1 |       ||     1
   Stab: Sleeping          |     5 |     2 ||     7
         Distracted        |       |     2 ||     2
 Armour: Skin              |     6 |     1 ||     7
  Dodge: Dodged            |    29 |    32 ||    61

Table legend: (Time is in decaauts)
 A = Elapsed time spent in this place.
 B = Non-inter-level travel time spent in this place.
 C = Inter-level travel time spent in this place.
 D = Time resting spent in this place.
 E = Time spent auto-exploring this place.
 F = Levels seen in this place.
 G = Mean time per level.
                   A        B        C        D        E       F      G
               +--------+--------+--------+--------+--------+-----+--------+
         Total |   2851 |   2763 |     88 |      0 |   2098 |   5 |  570.2 |
       Dungeon |   2734 |   2675 |     59 |      0 |   2033 |   4 |  683.5 |
        Temple |    116 |     87 |     29 |      0 |     65 |   1 |  116.0 |
               +--------+--------+--------+--------+--------+-----+--------+

Top non-repeatable levels by time:
     D:2: 937 daAuts
     D:1: 793 daAuts
     D:3: 591 daAuts
     D:4: 412 daAuts
  Temple: 116 daAuts
